 Dungeon Crawl Stone Soup version 0.31.0-11-ge490571c62 (webtiles) character file.

Game seed: 5015002974448683606

42 qw the Shooter (level 3, -1/20 HPs)
             Began as a Deep Elf Hunter on Feb 4, 2024.
             Slain by a hobgoblin
             ... wielding a +0 dagger
              (4 damage)
             ... on level 2 of the Dungeon.
             The game lasted 00:00:03 (1116 turns).

qw the Shooter (Deep Elf Hunter)                    Turns: 1116, Time: 00:00:04

Health: -1/20      AC:  3    Str: 10    XL:     3   Next: 33%
Magic:  5/5        EV:  6    Int: 13    God:
Gold:   140        SH:  0    Dex: 18    Spells: 2/2 levels left

rFire   . . .        a - +0 shortbow
rCold   . . .        (shield currently unavailable)
rNeg    . . .        c - +0 leather armour
rPois   .            (no helmet)
rElec   .            (no cloak)
rCorr   .            (no gloves)
SInv    .            (no boots)
Will    .....        e - amulet of the acrobat
Stlth   ++           (no ring)
HPRegen 0.23/turn    (no ring)
MPRegen 0.09/turn

%: acrobat
@: acrobatic, held
A: no striking features
a: no special abilities


You were on level 2 of the Dungeon.
You visited 1 branch of the dungeon, and saw 2 of its levels.

You collected 140 gold pieces.


   Skills:
 - Level 1.5 Fighting
 + Level 6.9 Ranged Weapons
 - Level 2.4 Dodging
 - Level 1.2 Stealth


You had 2 spell levels left.
You didn't know any spells.
Your spell library was empty.

Inventory:

Hand Weapons
 a - a +0 shortbow (weapon)
Armour
 b - a +0 ring mail
 c - a +0 leather armour (worn)
Jewellery
 e - an amulet of the acrobat (around neck)
Scrolls
 d - a scroll of teleportation {unknown}
 g - a scroll of immolation {unknown}
 j - a scroll of revelation {unknown}
Potions
 f - a potion of degeneration {unknown}
 h - a potion of haste
 i - 2 potions of mutation

Dungeon Overview and Level Annotations

Branches:
Dungeon (2/15)

Altars:


Message History

A hobgoblin comes into view. It is wielding a +0 dagger.
You shoot an arrow.
The arrow hits the hobgoblin but does no damage.
You shoot an arrow. The arrow closely misses the hobgoblin.
The hobgoblin hits you but does no damage.
You shoot an arrow. The arrow closely misses the hobgoblin.
The arrow barely misses the ribbon worm.
You shoot an arrow. The arrow hits the ribbon worm.
The ribbon worm is moderately wounded.
You shoot an arrow. The arrow hits the ribbon worm.
The ribbon worm is heavily wounded.
The hobgoblin barely misses you. The ribbon worm closely misses you.
You shoot an arrow. The arrow hits the ribbon worm.
The ribbon worm is heavily wounded.
The hobgoblin misses you. The ribbon worm bites you.
You shoot an arrow.
The arrow barely misses the ribbon worm.
The hobgoblin closely misses you. The ribbon worm closely misses you.
You shoot an arrow. The arrow hits the ribbon worm.
The ribbon worm is heavily wounded.
The hobgoblin barely misses you. The ribbon worm completely misses you.
You shoot an arrow. The arrow hits the ribbon worm!
The ribbon worm is severely wounded.
The hobgoblin barely misses you.
The hobgoblin hits you with a +0 dagger.
The ribbon worm bites you!
You shoot an arrow. The arrow hits the ribbon worm.
The ribbon worm is severely wounded.
The hobgoblin barely misses you.
You shoot an arrow. The arrow hits the ribbon worm.
The ribbon worm is almost dead.
The ribbon worm expels a string of sticky webbing.
The stream of webbing hits you but does no damage.
You are caught in a web!
The hobgoblin hits you but does no damage.
The ribbon worm bites you!
The hobgoblin hits you with a +0 dagger.
The ribbon worm barely misses you.
The hobgoblin hits you with a +0 dagger.
You die...

.. #.#.#.....###..
######.##.#........##..
.......##..............
#..)..........##..
#..#####..#.......
###..# ##)..####..
###....# ##### ###.
#......# .... #.###@.#
#### .. #wg# . #..#
...# .##.# . #.# . ...
..


You could see a ribbon worm and a hobgoblin.

Vanquished Creatures
  An adder (D:2)
  A dart slug (D:1)
  3 ball pythons
  2 bats (D:1)
  2 endoplasms
  A giant cockroach (D:2)
  4 goblins
  3 hobgoblins
  3 frilled lizards
  4 kobolds
  5 rats
29 creatures vanquished.

Notes
Turn   | Place    | Note
-------+----------+-------------------------------------------
     0 | D:1      | qw the Deep Elf Hunter began the quest for the Orb.
     0 | D:1      | Reached XP level 1. HP: 12/12 MP: 3/3
     0 | D:1      | 0 ||| qw: Version: 0.3-a-160-g6735b56
     0 | D:1      | 0 ||| qw: Game counter: 4767
     0 | D:1      | 0 ||| qw: Melee chars always use a shield: true
     0 | D:1      | 0 ||| qw: God list: Okawaru
     0 | D:1      | 0 ||| qw: Allow faded altars: false
     0 | D:1      | 0 ||| qw: Do Orc after clearing Dungeon:15 true
     0 | D:1      | 0 ||| qw: Do second Lair branch before Depths: true
     0 | D:1      | 0 ||| qw: Lair rune preference: random
     0 | D:1      | 0 ||| qw: Goals: Normal
     0 | D:1      | 0 ||| PLANNING D:1-11
   510 | D:1      | Reached skill level 6 in Ranged Weapons
   510 | D:1      | Reached XP level 2. HP: 14/16 MP: 4/4
   795 | D:1      | 795 ||| UPGRADING to amulet of the acrobat.
   800 | D:1      | 800 ||| READING 5 scrolls labelled RAEMPO OFAXA.
   800 | D:1      | 800 ||| IDENTIFYING inky potion
   801 | D:1      | 801 ||| READING 4 scrolls of identify.
   801 | D:1      | 801 ||| IDENTIFYING cyan potion
   802 | D:1      | 802 ||| READING 3 scrolls of identify.
   802 | D:1      | 802 ||| IDENTIFYING murky inky potion
   803 | D:1      | 803 ||| READING 2 scrolls of identify.
   803 | D:1      | 803 ||| IDENTIFYING 2 fizzy blue potions
   804 | D:1      | 804 ||| READING scroll of identify.
   804 | D:1      | 804 ||| IDENTIFYING scroll labelled LIERUH RIAFO
   805 | D:1      | 805 ||| DROPPING scroll of butterflies.
   806 | D:1      | 806 ||| DROPPING potion of attraction.
   807 | D:1      | 807 ||| DROPPING potion of invisibility.
   808 | D:1      | 808 ||| DROPPING scroll of poison.
   931 | D:2      | Reached XP level 3. HP: 18/20 MP: 5/5
  1115 | D:2      | HP: 4/20 [ribbon worm (7)]
  1116 | D:2      | Slain by a hobgoblin

Levels and vault maps discovered:
D:1:      dpeg_arrival_three_smaller_balls, layout_loops_cross,
          chequers_big_river, grunt_decor_one_mirror, minmay_misc_feat_columns
D:2:      layout_loops_ring

Skill      XL: |  1 |
---------------+----+-----
Ranged Weapons | 6 |  6.9
Fighting       | |  1.5
Dodging        | |  2.4
Stealth        | |  1.2

Action                     || total
---------------------------++-------
   Fire: Shortbow          ||    93
    Use: Scroll            ||     5
 Armour: Leather armour    ||    17
  Dodge: Dodged            ||    25

Table legend:
 A = Non-vault XP
 B = Vault XP
 C = Vault XP percentage of total XP
 D = Non-vault monster count
 E = Vault monster count
 F = Vault count percentage of total count
                 A         B        C        D         E       F
            +---------+---------+-------+---------+---------+-------
      Total |      60 |       0 |   0.0 |      29 |       0 |   0.0
            +---------+---------+-------+---------+---------+-------
        D:1 |      30 |       0 |   0.0 |      17 |       0 |   0.0
        D:2 |      30 |       0 |   0.0 |      12 |       0 |   0.0
            +---------+---------+-------+---------+---------+-------
